 Dungeon Crawl Stone Soup version 0.31-a0-965-g8a8ce12e04 (webtiles) character file.

Game seed: 9251281685489042161

513 akrav the Shooter (level 7, 0/53 HPs)
             Began as a Formicid Hunter on Oct 26, 2023.
             Was an Initiate of Dithmenos.
             Succumbed to a water moccasin's poison
             ... on level 6 of the Dungeon.
             The game lasted 00:19:04 (3399 turns).

akrav the Shooter (Formicid Hunter)                 Turns: 3399, Time: 00:19:05

Health: 0/53       AC:  5    Str: 15    XL:     7   Next: 43%
Magic:  7/7        EV: 12    Int:  9    God:    Dithmenos [......]
Gold:   161        SH:  5    Dex: 19    Spells: 6/6 levels left

rFire   . . .        u - +0 orcbow
rCold   . . .        (no shield)
rNeg    . . .        c - +0 leather armour
rPois   .            (helmet unavailable)
rElec   .            (no cloak)
rCorr   .            x - +0 pair of gloves {infuse}
SInv    +            f - +0 pair of boots
Will    +....        z - amulet of reflection
Stlth   ++           e - ring of willpower
HPRegen 0.28/turn    (no ring)
MPRegen 0.10/turn

%: reflection, infuse magic (1 MP)
@: lethally poisoned (0 -> -37)
A: permanent stasis, dig shafts and tunnels, antennae 3, four strong arms
a: Dig, Shaft Self, Renounce Religion


You were on level 6 of the Dungeon.
You worshipped Dithmenos.
Dithmenos was noncommittal.
You visited 1 branch of the dungeon, and saw 6 of its levels.

You collected 299 gold pieces.
You spent 138 gold pieces at shops.

Inventory:

Hand Weapons
 a - a +0 shortbow
 g - a +0 falchion
 u - a +0 orcbow (weapon)
Missiles
 p - 8 boomerangs
 y - 8 poisoned darts
Armour
 c - a +0 leather armour (worn)
 f - a +0 pair of boots (worn)
 x - a +0 pair of gloves of infusion (worn)
Jewellery
 e - a ring of willpower (left hand)
 h - a ring of ice
 n - a ring of positive energy
 z - an amulet of reflection (around neck)
Wands
 m - a wand of flame (20)
Scrolls
 i - a scroll of blinking {unknown}
 k - 2 scrolls of teleportation
 q - a scroll of identify
 r - a scroll of poison
 w - a scroll of vulnerability {unknown}
Potions
 d - 3 potions of enlightenment
 j - a potion of mutation {unknown}
 l - 2 potions of berserk rage {unknown}
 o - a potion of heal wounds {unknown}
 s - a potion of attraction {unknown}
 t - a potion of resistance {unknown}
 v - a potion of degeneration {unknown}


   Skills:
 * Level 3.7 Fighting
 * Level 6.9 Ranged Weapons
 * Level 1.5 Armour
 * Level 2.4 Dodging
 * Level 3.4 Stealth


You had 6 spell levels left.
You didn't know any spells.
Your spell library contained the following spells:

 Spells                   Type           Power      Damage    Failure   Level
 Slow                     Hex            0%         N/A       45%         1
 Confusing Touch          Hex            0%         N/A       83%         3
 Sigil of Binding         Hex            0%         N/A       83%         3
 Vampiric Draining        Necr           0%         2d6       83%         3
 Animate Dead             Necr           0%         N/A       99%         4
 Borgnjor's Vile Clutch   Necr/Erth      0%         N/A       100%        5
 Death Channel            Necr           0%         N/A       100%        6


Dungeon Overview and Level Annotations

Branches:
Dungeon (6/15)
 Temple: D:4-7

Altars:
Dithmenos
Elyvilon
Gozag
Nemelex Xobeh
Okawaru
Ru
Uskayaw
Vehumet
Wu Jian

Shops:
D:5 [


Innate Abilities, Weirdness & Mutations

You cannot be hasted, slowed, berserked, paralysed or teleported.
You can dig through walls and to a lower floor.
You have a pair of large antennae on your head. (SInv)
Your four strong arms can wield two-handed weapons with a shield.


Message History

The orc hits your butterfly with a +0 short sword.
Your butterfly dies!
Your butterfly disappears in a burst of colours!
The sky beast closely misses your butterfly.
You feel sick. The orc misses your butterfly.
The sky beast misses your butterfly.
You feel sick. The orc misses your butterfly.
The water moccasin barely misses your butterfly.
The orc barely misses your butterfly.
The sky beast closely misses your butterfly.
You feel sick. The water moccasin bites you!
You are more poisoned.
The water moccasin poisons you! The sky beast hits your butterfly.
Your butterfly dies!
Your butterfly disappears in a burst of colours!
You feel very sick. The orc barely misses your butterfly.
The water moccasin attacks as it pursues you!
The water moccasin bites you.
You are lethally poisoned!
The water moccasin poisons you!
The orc hits your butterfly with a +0 whip.
Your butterfly dies!
Your butterfly disappears in a burst of colours!
You feel extremely sick.
The water moccasin attacks as it pursues you!
The water moccasin bites you.
* * * LOW HITPOINT WARNING * * *
You are more poisoned.
The water moccasin poisons you!
The orc hits you from afar with a +0 trident.
* * * LOW HITPOINT WARNING * * *
The orc hits your butterfly with a +0 short sword.
Your butterfly dies!
Your butterfly disappears in a burst of colours!
The orc attacks as it pursues you! You block the orc's attack.
The sky beast hits your butterfly.
Your butterfly dies!
Your butterfly disappears in a burst of colours!
You die...

{ #...bb...b.b.......#
.#b.bbbb.b.b.b......#
{..)b.bYbb.bbb........#
###bbb.bb..b.........#
....oo.bbbb.b.#######
'.......bb.bb..#
#...b.ooSbb...b#
#....b.........#
.......@......#
..............#
####.....##'###
#.....#....#
+.....#....#
#.....#....#
#.....#'##########
##...............#
#...............#


You could see a water moccasin (ally target), a sky beast (ally target) and 4
orcs.

Vanquished Creatures
  A black bear (D:6)
  A scorpion (D:6)
  An orc priest (D:4)
  A hound (D:4)
  An iguana (D:5)
  2 orc wizards
  3 gnolls
  7 adders
  A white imp (D:5)
  2 ufetubi (D:5)
  A worm (D:2)
  4 dart slugs
  25 orcs
  6 ball pythons
  4 endoplasms
  A giant cockroach (D:3)
  5 goblins
  6 hobgoblins
  5 jackals
  3 kobolds
  3 quokkas
  6 bats
  4 frilled lizards
  11 rats
104 creatures vanquished.

Notes
Turn   | Place    | Note
-------+----------+-------------------------------------------
     0 | D:1      | akrav the Formicid Hunter began the quest for the Orb.
     0 | D:1      | Reached XP level 1. HP: 16/16 MP: 1/1
    97 | D:1      | Reached XP level 2. HP: 22/22 MP: 2/2
   435 | D:1      | Reached XP level 3. HP: 27/27 MP: 3/3
   785 | D:3      | Found a sacrificial altar of Ru.
   833 | D:3      | Reached skill level 5 in Ranged Weapons
   948 | D:3      | Reached XP level 4. HP: 30/34 MP: 4/4
  1124 | D:3      | Noticed a +0 spear
  1124 | D:3      | Noticed a +0 falchion
  1124 | D:3      | Noticed a +0 dagger
  1126 | D:3      | Noticed a +0 short sword
  1126 | D:3      | Noticed a +0 falchion
  1128 | D:3      | Noticed a +0 spear
  1140 | D:3      | Noticed a +0 short sword
  1141 | D:3      | Noticed a +0 dagger
  1152 | D:3      | Found a hide-covered altar of Uskayaw.
  1374 | D:3      | Found an iron altar of Okawaru.
  1378 | D:3      | Found a sparkling altar of Nemelex Xobeh.
  1385 | D:3      | Found a radiant altar of Vehumet.
  1452 | D:3      | Reached XP level 5. HP: 29/40 MP: 5/5
  2105 | D:4      | Found a shadowy altar of Dithmenos.
  2203 | D:4      | Found a white marble altar of Elyvilon.
  2274 | D:4      | Reached XP level 6. HP: 47/47 MP: 6/6
  2280 | D:4      | Reached skill level 6 in Ranged Weapons
  2477 | D:4      | Reached skill level 1 in Armour
  2655 | D:4      | Became a worshipper of Dithmenos the Shadowed
  2713 | D:5      | Entered Level 5 of the Dungeon
  2747 | D:5      | Found an ornate altar of the Wu Jian Council.
  2789 | D:5      | Found an opulent altar of Gozag.
  3025 | D:5      | Found Bubuj's Armour Boutique.
  3149 | D:5      | Bought a +0 pair of gloves of infusion for 138 gold pieces
  3265 | D:5      | Noticed an ogre
  3283 | D:6      | Reached XP level 7. HP: 52/52 MP: 7/7
  3386 | D:6      | Noticed a water moccasin
  3399 | D:6      | Succumbed to a water moccasin's poison

Illustrated notes

Levels and vault maps discovered:
D:1:      lemuel_arrival_funnel, layout_rooms, dreamdust_mushroom_princess,
          amcnicky_mini_corridor_feature
D:2:      layout_rooms
D:3:      layout_basic, nicolae_uskayaw_en_pointe,
          mainiacjoe_overflow_boulevard, grunt_temple_overflow_diamond,
          dreamdust_princess_corridor
D:4:      layout_basic, nicolae_dithmenos_the_darkroom,
          mainiacjoe_overflow_24_doors, small_statue_intersection
D:5:      layout_rooms, mainiacjoe_overflow_chevrons, overflow_temple_1_default,
          serial_shops, nicolae_shop_hallway_plus
D:6:      layout_gridville, grunt_qazlal_clouds, gammafunk_ghost_stat_death

Skill      XL: |  1  2  3  4  5  6 |
---------------+-------------------+-----
Ranged Weapons | 5 6 |  6.9
Stealth        | 2 3 |  3.4
Fighting       | 3 |  3.7
Dodging        | 2 |  2.4
Armour         | 1 |  1.5

Action                     |  1- 3 |  4- 6 |  7- 9 || total
---------------------------+-------+-------+-------++-------
   Fire: Shortbow          |    94 |   130 |       ||   224
         Orcbow            |       |    62 |    15 ||    77
    Use: Scroll            |     1 |     3 |     1 ||     5
 Armour: Leather armour    |    18 |    43 |    16 ||    77
  Dodge: Dodged            |    28 |    33 |     8 ||    69
  Block: Other             |       |       |     1 ||     1

Table legend: (Time is in decaauts)
 A = Elapsed time spent in this place.
 B = Non-inter-level travel time spent in this place.
 C = Inter-level travel time spent in this place.
 D = Time resting spent in this place.
 E = Time spent auto-exploring this place.
 F = Levels seen in this place.
 G = Mean time per level.
                   A        B        C        D        E       F      G
               +--------+--------+--------+--------+--------+-----+--------+
         Total |   3456 |   3025 |    431 |    102 |   1568 |   6 |  576.0 |
       Dungeon |   3456 |   3025 |    431 |    102 |   1568 |   6 |  576.0 |
               +--------+--------+--------+--------+--------+-----+--------+

Top non-repeatable levels by time:
     D:3: 976 daAuts
     D:4: 672 daAuts
     D:2: 651 daAuts
     D:5: 569 daAuts
     D:1: 459 daAuts
     D:6: 128 daAuts
